 Dungeon Crawl Stone Soup version 0.31.0-32-g396128a36d (webtiles) character file.

Game seed: 11364078333606255831

2946 Silvore the Basher (level 9, 0/80 HPs)
             Began as a Minotaur Fighter on Mar 28, 2024.
             Was a Believer of Zin.
             Slain by a gnoll
             ... wielding a +0 whip
             ... led by a gnoll sergeant
              (3 damage)
             ... on level 9 of the Dungeon.
             The game lasted 00:08:14 (8572 turns).

Silvore the Basher (Minotaur Fighter)               Turns: 8572, Time: 00:08:15

Health: 0/80       AC: 16    Str: 24    XL:     9   Next: 51%
Magic:  8/8        EV:  7    Int:  7    God:    Zin [**....]
Gold:   185        SH:  5    Dex:  9    Spells: 8/8 levels left

rFire   . . .        l - +3 mace (protect)
rCold   . . .        c - +0 buckler
rNeg    . . .        j - +0 plate armour
rPois   .            (helmet restricted)
rElec   .            (no cloak)
rCorr   .            f - +1 pair of gloves {infuse}
SInv    .            (no boots)
Will    .....        (no amulet) Stlth
                     b - ring of flight
HPRegen 0.33/turn    (no ring)
MPRegen 0.11/turn

%: infuse magic (1 MP)
@: flying, slowed, very slow
A: horns 2, retaliatory headbutt
a: Renounce Religion, Recite, Vitalisation, Donate Gold


You were on level 9 of the Dungeon.
You worshipped Zin.
Zin was pleased with you.
You visited 2 branches of the dungeon, and saw 10 of its levels.

You collected 290 gold pieces.
You donated 105 gold pieces to Zin.

Inventory:

Hand Weapons
 l - a +3 mace of protection (weapon)
Missiles
 o - 2 throwing nets (quivered)
Armour
 c - a +0 buckler (worn)
 f - a +1 pair of gloves of infusion (worn)
 j - a +0 plate armour (worn)
Jewellery
 b - a ring of flight (left hand)
 e - an amulet of faith
 m - a ring of fire
Wands
 u - a wand of flame (26)
 x - a wand of roots (5)
Scrolls
 h - a scroll of immolation
 i - 4 scrolls of teleportation
 n - 3 scrolls of identify
 q - a scroll of vulnerability
 r - a scroll of fear
 t - a scroll of torment {unknown}
 w - a scroll of amnesia
Potions
 a - 2 potions of curing
 d - a potion of might
 g - a potion of resistance
 k - a potion of cancellation
 p - 5 potions of attraction
 s - a potion of haste
 v - a potion of degeneration {unknown}
 z - a potion of enlightenment {unknown}


   Skills:
 + Level 7.6 Fighting
 + Level 10.4 Maces & Flails
 + Level 9.0 Armour
 + Level 2.7 Dodging
 + Level 0.5 Stealth
 + Level 6.0 Shields


You had 8 spell levels left.
You didn't know any spells.
Your spell library contained the following spells:

 Spells                   Type           Power      Damage    Failure   Level
 Apportation              Tloc           0%         N/A       100%        1
 Ensorcelled Hibernation  Hex/Ice        0%         N/A       100%        2
 Jinxbite                 Hex            0%         N/A       100%        2
 Lesser Beckoning         Tloc           0%         N/A       100%        2
 Scorch                   Fire           0%         2d5       100%        2
 Gell's Gravitas          Tloc           0%         N/A       100%        3
 Inner Flame              Hex/Fire       0%         N/A       100%        3
 Passwall                 Erth           0%         N/A       100%        3
 Swiftness                Air            0%         N/A       100%        3
 Teleport Other           Tloc           0%         N/A       100%        3
 Volatile Blastmotes      Fire/Tloc      0%         2d10      100%        3
 Flame Wave               Conj/Fire      0%         2d4       100%        4
 Fulminant Prism          Conj/Alch      0%         3d5       100%        4
 Iskenderun's Mystic Bla  Conj/Tloc      0%         2d3       100%        4
 Sticky Flame             Fire/Alch      0%         2d4       100%        4
 Alistair's Intoxication  Alch           0%         N/A       100%        5
 Summon Cactus Giant      Summ           0%         N/A       100%        6


Dungeon Overview and Level Annotations

Branches:
Dungeon (9/15)             Temple (1/1) D:7
   Lair: D:8-11         Orc: D:9-12

Altars:
Ashenzari
Cheibriados
Dithmenos
Elyvilon
Fedhas
Hepliaklqana
Kikubaaqudgha
Makhleb
Nemelex Xobeh
Okawaru
Qazlal
Ru
Sif Muna
Trog
Uskayaw
Vehumet
Wu Jian
Xom
Yredelemnul
Zin
The Shining One

Shops:
D:6 *   D:7 (


Innate Abilities, Weirdness & Mutations

You have a pair of horns on your head.
You reflexively headbutt those who attack you in melee.


Message History

The gnoll sergeant attacks as it pursues you!
The gnoll sergeant hits you but does no damage.
You feel very sick. The gnoll attacks as it pursues you!
The gnoll hits you from afar with a +0 halberd.
You block the hornet's attack.
You feel very sick.
The hornet stings you but does no damage.
The gnoll attacks as it pursues you!
The gnoll hits you from afar with a +0 halberd.
* * * LOW HITPOINT WARNING * * *
The gnoll sergeant attacks as it pursues you!
The gnoll sergeant hits you but does no damage.
The hornet stings you.
* * * LOW HITPOINT WARNING * * *
You feel as though you will be slow longer.
You feel very sick. The gnoll attacks as it pursues you!
The gnoll hits you but does no damage.
The gnoll sergeant attacks as it pursues you!
The gnoll sergeant hits you from afar with a +0 spear.
* * * LOW HITPOINT WARNING * * *
The hornet stings you but does no damage.
The gnoll barely misses you.
You feel sick. The hornet attacks as it pursues you! The hornet stings you.
* * * LOW HITPOINT WARNING * * *
You feel as though you will be slow longer.
The hornet stings you but does no damage.
The gnoll attacks as it pursues you!
The gnoll hits you from afar with a +0 halberd.
* * * LOW HITPOINT WARNING * * *
The gnoll sergeant hits you from afar with a +0 spear.
* * * LOW HITPOINT WARNING * * *
You feel better.
The hornet stings you but does no damage.
The gnoll hits you from afar with a +0 halberd.
* * * LOW HITPOINT WARNING * * *
You block the gnoll's attack. The hornet barely misses you.
The gnoll sergeant hits you but does no damage.
The gnoll hits you with a +0 whip.
You die...

###### #....# #### #....#
#..# #####....# #..#
.........#######..#
................@g#
..........#'####y.####
..........#....#ggg..#
..........#....#.....#######
..........#....#...........#
..........#....#...........#
.########.#....#.........###
.# #.#....#.........# .#
#....#.........#


You could see a hornet, a gnoll sergeant and 3 gnolls.

Vanquished Creatures
  A vampire (D:9)
  A steam dragon (D:9)
  2 water moccasins
  A black bear (D:7)
  3 sky beasts
  2 ice beasts
  2 ogres (D:6)
  2 centaurs
  Blork the orc (D:6)
  2 bullfrogs
  6 scorpions
  A howler monkey (D:6)
  2 jellies
  A bombardier beetle (D:6)
  4 hounds
  5 orc priests
  3 orc wizards
  A sleepcap (D:8)
  7 iguanas
  19 gnolls
  5 adders
  A shadow imp (D:5)
  A white imp (D:5)
  4 dart slugs
  24 orcs
  13 ball pythons
  8 bats
  8 endoplasms
  8 hobgoblins
  9 jackals
  2 quokkas
  4 frilled lizards
  4 goblins
  4 kobolds
  6 rats
167 creatures vanquished.

Notes
Turn   | Place    | Note
-------+----------+-------------------------------------------
     0 | D:1      | Silvore the Minotaur Fighter began the quest for the Orb.
     0 | D:1      | Reached XP level 1. HP: 19/19 MP: 0/0
   155 | D:1      | Reached XP level 2. HP: 21/27 MP: 1/1
   406 | D:1      | Reached XP level 3. HP: 30/33 MP: 2/2
   565 | D:1      | Identified a scroll of acquirement
   565 | D:1      | Acquired a +1 pair of gloves of infusion
   600 | D:2      | Reached skill level 3 in Maces & Flails
   605 | D:2      | Reached XP level 4. HP: 5/41 MP: 0/3
  1268 | D:2      | Reached skill level 1 in Dodging
  1636 | D:2      | Identified the +7 dagger of Forgiveness {flame, rC+}
  1860 | D:3      | Found a faded altar of an unknown god.
  1891 | D:3      | Reached XP level 5. HP: 47/47 MP: 1/4
  2262 | D:3      | Reached skill level 4 in Maces & Flails
  2281 | D:3      | Reached skill level 5 in Armour
  2889 | D:4      | Reached XP level 6. HP: 55/55 MP: 2/5
  2948 | D:4      | Reached skill level 5 in Fighting
  2998 | D:4      | Reached skill level 5 in Maces & Flails
  3601 | D:5      | Entered Level 5 of the Dungeon
  3784 | D:5      | Found a shimmering altar of Xom.
  3784 | D:5      | Found a snail-covered altar of Cheibriados.
  3941 | D:5      | Found a sparkling altar of Nemelex Xobeh.
  4025 | D:5      | Reached XP level 7. HP: 59/61 MP: 3/6
  4201 | D:5      | Reached skill level 6 in Maces & Flails
  4538 | D:6      | Reached skill level 5 in Shields
  4602 | D:6      | Reached skill level 7 in Maces & Flails
  4614 | D:6      | Reached XP level 8. HP: 61/70 MP: 0/7
  4905 | D:6      | Reached skill level 8 in Maces & Flails
  4998 | D:6      | Found Otrar's Mail-Order Catalogue.
  5059 | D:6      | Noticed Blork the orc
  5066 | D:6      | Killed Blork the orc
  5527 | D:7      | Reached skill level 9 in Maces & Flails
  5666 | D:7      | Found a burning altar of Makhleb.
  5819 | D:7      | Found a staircase to the Ecumenical Temple.
  5838 | Temple   | Entered the Ecumenical Temple
  5852 | Temple   | Became a worshipper of Zin the Law-Giver
  5852 | Temple   | Reached * piety under Zin
  5855 | Temple   | Donated 76 gold pieces to Zin
  6571 | D:7      | Reached XP level 9. HP: 68/79 MP: 1/8
  6881 | D:7      | Found Wulibonga's Antique Weapon Boutique.
  7242 | D:8      | Reached skill level 10 in Maces & Flails
  7647 | D:8      | Reached ** piety under Zin
  7929 | D:8      | Found a stormy altar of Qazlal.
  8561 | D:9      | Paralysed by a hornet for 3 turns
  8571 | D:9      | HP: 2/80 [gnoll sergeant/+0 spear (3)]
  8572 | D:9      | Slain by a gnoll

Illustrated notes

Levels and vault maps discovered:
D:1:      lemuel_arrival_behind_the_door_small, layout_basic
D:2:      layout_loops_ring, minmay_misc_feat_plants
D:3:      layout_rooms, basic_ecumenical_altar, roderic_serpentine_path
D:4:      cheibrodos_old_hovel, layout_loops_ring, kennysheep_cross_room
D:5:      layout_basic, nemelex_altar_shiori, nicolae_overflow_two_pavilions
D:6:      layout_loops_ring, minmay_misc_feat_encased, serial_park_tiny_pond,
          st_stairs_10, monkooky_shop_mail_order, uniq_blork_the_orc
D:7:      layout_gridville, makhleb_heckhound_becter,
          minmay_temple_entry_overgrown, serial_shops,
          nicolae_shop_hallway_plus, serial_rivers,
          chequers_serial_rivers_room_b, chequers_serial_rivers_small_b,
          chequers_serial_rivers_large_a, chequers_serial_rivers_small_a,
          chequers_jeans
D:8:      layout_gridville, nicolae_qazlal_beasts_of_the_sky,
          nicolae_letterblocks [nicolae_letter_subblock,
          nicolae_letter_subblock, nicolae_letter_subblock,
          nicolae_letter_subblock, nicolae_letter_subblock,
          nicolae_letter_subblock, nicolae_letter_subblock,
          nicolae_letter_subblock, nicolae_letter_subblock,
          nicolae_letter_subblock, nicolae_letter_subblock,
          nicolae_letter_subblock, nicolae_letter_subblock,
          nicolae_letter_subblock, nicolae_letter_subblock,
          nicolae_letter_subblock, nicolae_letter_subblock,
          nicolae_letter_subblock, nicolae_letter_subblock,
          nicolae_letter_subblock, nicolae_letter_subblock,
          nicolae_letter_subblock, nicolae_letter_subblock,
          nicolae_letter_subblock, nicolae_letter_subblock]
D:9:      layout_irregular_city, kennysheep_mini
Temple:   nicolae_temple_slightly_damp_pantheon

Skill      XL: |  1  2  3  4  5  6  7  8  9 |
---------------+----------------------------+-----
Fighting       | 4 5 6 7 |  7.6
Armour         | 4 5 6 7 9 |  9.0
Shields        | 4 5 6 |  6.0
Maces & Flails | 3 4 5 7 9 10 | 10.4
Dodging        | 1 2 |  2.7
Stealth        | |  0.5

Action                     |  1- 3 |  4- 6 |  7- 9 || total
---------------------------+-------+-------+-------++-------
  Melee: Flail             |    11 |       |       ||    11
         Mace              |    47 |   176 |   214 ||   437
         Headbutt          |    11 |    24 |    34 ||    69
 Invoke: Donate Gold       |       |       |     1 ||     1
    Use: Scroll            |     2 |     8 |     4 ||    14
         Potion            |       |       |     1 ||     1
 Armour: Scale mail        |    55 |     5 |       ||    60
         Plate armour      |       |   142 |   196 ||   338
  Dodge: Dodged            |    48 |    49 |    88 ||   185
  Block: Buckler           |    25 |    43 |    44 ||   112
